 Dungeon Crawl Stone Soup version 0.27-a0-732-ga892ba84f6 (webtiles) character file.

Game seed: 9619959873587589550

11824 lunkers the Thaumaturge (level 11, -25/87 HPs)
             Began as a Djinni Fire Elementalist on Mar 24, 2021.
             Was an Elder of Makhleb.
             Annihilated by a boulder beetle (28 damage)
             ... on level 11 of the Dungeon.
             The game lasted 00:24:48 (19426 turns).

lunkers the Thaumaturge (Djinni Fire Elementalist) Turns: 19426, Time: 00:24:48

Health: -25/87     AC: 17    Str:  7    XL:     11   Next: 83%
Magic:  0/0        EV:  8    Int: 19    God:    Makhleb [****..]
Gold:   827        SH: 13    Dex: 21    Spells: 4/34 levels left

rFire    + + +     SeeInvis .   b - +2 dagger (freeze)
rCold    x . .     Faith    .   a - +2 buckler {AC+3}
rNeg     . . .     Spirit   .   F - +5 scale mail of Majestic Birdsong {rPois rF+ Stlth-}
rPois    ∞         Reflect  +   (no helmet)
rElec    .         Harm     .   u - +2 cloak {Will+}
rCorr    .         Rampage  .   (no gloves)
Will     ++...                  (boots unavailable)
Stlth    ..........             q - amulet of reflection
HPRegen  0.24/turn              x - ring of wizardry
MPRegen  0.00/turn              v - +6 ring of dexterity

@: flying
A: fire resistance 2, cold vulnerability 1, float, innate caster, hp casting,
extra vitality 1
a: Renounce Religion, Minor Destruction, Lesser Servant of Makhleb, Major
Destruction


You were on level 11 of the Dungeon.
You worshipped Makhleb.
Makhleb was greatly pleased with you.
You visited 2 branches of the dungeon, and saw 12 of its levels.
You also visited: Bailey.

You collected 827 gold pieces.

Inventory:

Hand Weapons
 b - a +2 dagger of freezing (weapon)
 c - a +0 arbalest
 r - a +2 dagger of electrocution
Missiles
 I - 409 bolts
Armour
 a - a +2 buckler of protection (worn)
 o - a +2 ring mail of fire resistance
 u - a +2 cloak of willpower (worn)
 F - the +5 scale mail of Majestic Birdsong (worn) {rPois rF+ Stlth-}
   (You found it on level 7 of the Dungeon)

   It protects you from fire.
   It protects you from poison.
   It makes you less stealthy.
Jewellery
 k - a ring of protection from fire
 q - an amulet of reflection (around neck)
 v - a +6 ring of dexterity (left hand)
 x - a ring of wizardry (right hand)
 A - a ring of wizardry
 H - a ring of fire
Wands
 m - a wand of random effects (28)
 z - a wand of iceblast (5)
 B - a wand of acid (5)
Scrolls
 f - 6 scrolls of teleportation
 h - 2 scrolls of magic mapping
 l - 3 scrolls of enchant weapon
 p - a scroll of identify
 s - a scroll of summoning
 t - 2 scrolls of immolation
 y - a scroll of fog
 C - 4 scrolls of fear
Potions
 d - a potion of might
 e - a potion of resistance
 g - a potion of berserk rage
 i - 6 potions of curing
 j - 3 potions of brilliance
 n - 2 potions of lignification
 w - a potion of mutation


   Skills:
 + Level 11.1 Fighting
 - Level 0.9 Armour
 - Level 2.1 Dodging
 - Level 1.5 Stealth
 - Level 4.0 Shields
 + Level 12.0 Spellcasting


You had 4 spell levels left.
You knew the following spells:

 Your Spells              Type           Power      Damage    Failure   Level
a - Foxfire               Conj/Fire      100%       2x1d9     1%          1
b - Conjure Flame         Conj/Fire      54%        6-21      1%          3
c - Inner Flame           Hex/Fire       54%        N/A       1%          3
d - Sticky Flame          Conj/Fire      54%        2d7       2%          4
e - Fireball              Conj/Fire      27%        3d12      6%          5
f - Pain                  Necr           100%       1d9       1%          1
g - Swiftness             Air            54%        N/A       1%          2
h - Teleport Other        Tloc           54%        N/A       1%          3
i - Cause Fear            Hex            27%        N/A       2%          4
j - Dispel Undead         Necr           54%        3d20      2%          4
Your spell library was empty.

Dungeon Overview and Level Annotations

Branches:
Dungeon (11/15)            Temple (1/1) D:5             Orc (0/2) D:9
 Bailey (visited)
   Lair: D:8-11

Altars:
Ashenzari
Cheibriados
Dithmenos
Elyvilon
Fedhas
Gozag
Hepliaklqana
Kikubaaqudgha
Makhleb
Nemelex Xobeh
Okawaru
Qazlal
Ru
Sif Muna
Trog
Uskayaw
Vehumet
Wu Jian
Xom
Yredelemnul
Zin
The Shining One
Beogh

Annotations:
D:8 exclusion: ice statue


Innate Abilities, Weirdness & Mutations

You are immune to poison.
Your flesh is very heat resistant. (rF++)
You are vulnerable to cold. (rC-)
You float through the air rather than walking.
You learn spells naturally, not from books.
Your magical power is your life essence.
You have superior vitality. (+4 HP)


Message History

The sticky flame hits the boulder beetle but does no damage.
The boulder beetle is heavily wounded.
The boulder beetle is covered in liquid flames!
* * * LOW HITPOINT WARNING * * *
The boulder beetle burns!
The boulder beetle bites you!
* * * LOW HITPOINT WARNING * * *
You hit the boulder beetle. You freeze the boulder beetle.
The boulder beetle is severely wounded.
The boulder beetle burns!
The boulder beetle bites you!!
* * * LOW HITPOINT WARNING * * *
You hit the boulder beetle but do no damage.
The boulder beetle is severely wounded.
The boulder beetle burns!
You block the boulder beetle's attack.
Unknown command.
Casting: Sticky Flame (dangerous; 2% risk of failure)
Confirm with . or Enter, or press ? or * to list all spells.
Aiming: Sticky Flame (dangerous; 2% risk of failure)
Press: ? - help, Shift-Dir - straight line, f/p - boulder beetle
Aim: a boulder beetle (severely wounded, covered in liquid flames, 0% to evade)
The sticky flame hits the boulder beetle.
The boulder beetle is severely wounded.
The boulder beetle is covered in liquid flames!
* * * LOW HITPOINT WARNING * * *
The boulder beetle burns!
The boulder beetle bites you!
* * * LOW HITPOINT WARNING * * *
Unknown command.
Unknown command.
The boulder beetle burns!
The boulder beetle curls into a ball and begins rolling!
The boulder beetle burns!
Casting: Sticky Flame (dangerous; 2% risk of failure)
Confirm with . or Enter, or press ? or * to list all spells.
You don't have enough health to cast this spell.
Aiming: Corrosive Bolt
Press: ? - help, Shift-Dir - straight line, f/p - boulder beetle
Aim: a boulder beetle (almost dead, covered in liquid flames, 0% to evade)
The bolt of acid hits the boulder beetle but does no damage.
The boulder beetle is almost dead.
The boulder beetle burns!
The boulder beetle hits you!!
You die...

#.. #.........# .
# #.........# ..
#( #.!.......#
...#. #.........#
#..... #.........#
#...##°........#
#.###..#°).......#
#.......B..#######
#.......@..#
#..........#
##..##..#### ..#
..... . ......
........ .........
.......


You could see a boulder beetle (burning).

Vanquished Creatures
  A centaur warrior (D:11)
  A two-headed ogre (D:9)
  An orc knight (Bailey)
  An ugly thing (D:11)
  A gargoyle (D:10)
  2 trolls (D:10)
  Prince Ribbit (D:6)
  Sigmund (D:2)
  A wraith (D:11)
  12 yaks
  A water moccasin (D:10)
  17 orc warriors
  A black bear (D:11)
  4 ice beasts
  6 sky beasts
  2 centaurs
  A necrophage (D:8)
  4 ogres
  A phantom (D:11)
  2 kobold brigands
  3 bullfrogs
  A wyvern zombie (D:11)
  7 scorpions
  8 killer bees
  2 wights (D:7)
  4 howler monkeys
  A centaur zombie (D:8)
  3 jellies
  A bullfrog skeleton (D:6)
  3 centaur skeletons
  8 hounds
  Crazy Yiuf (D:2)
  9 orc priests
  Jessica (D:3)
  Natasha (thrice) (D:4)
  2 iguanas
  18 orc wizards
  8 worker ants
  Terence (D:2)
  A killer bee zombie (D:7)
  3 hound zombies
  A worker ant zombie (D:8)
  A howler monkey skeleton (D:6)
  8 adders
  4 gnolls (D:2)
  4 white imps
  4 ufetubi
  An adder skeleton (D:4)
  2 worms
  A dart slug (D:2)
  75 orcs
  5 bats
  6 giant cockroaches
  10 goblins
  8 hobgoblins
  19 jackals
  6 oozes
  7 quokkas
  5 ball pythons
  2 frilled lizards
  13 kobolds
  11 rats
342 creatures vanquished.

Vanquished Creatures (others)
  845 foxfires
  A fungus (D:2)
846 creatures vanquished.

Grand Total: 1188 creatures vanquished

Notes
Turn   | Place    | Note
-------+----------+-------------------------------------------
     0 | D:1      | lunkers the Djinni Fire Elementalist began the quest for
                  | the Orb.
     0 | D:1      | Reached XP level 1. HP: 15/15 MP: 0/0
   390 | D:1      | Reached skill level 3 in Spellcasting
   390 | D:1      | Reached XP level 2. HP: 18/22 MP: 0/0
   706 | D:1      | Reached skill level 1 in Fighting
  1137 | D:2      | Found a hide-covered altar of Uskayaw.
  1183 | D:2      | Reached XP level 3. HP: 22/27 MP: 0/0
  1183 | D:2      | Learned a level 1 spell: Pain
  1311 | D:2      | Reached XP level 4. HP: 9/33 MP: 0/0
  1959 | D:2      | Reached skill level 4 in Spellcasting
  1992 | D:2      | Noticed Sigmund
  1994 | D:2      | Noticed Terence
  1994 | D:2      | Noticed a sky beast
  2157 | D:2      | Killed a sky beast
  2158 | D:2      | Reached XP level 5. HP: 33/39 MP: 0/0
  2158 | D:2      | Learned a level 2 spell: Swiftness
  2694 | D:3      | Noticed Jessica
  2702 | D:3      | Killed Jessica
  2851 | D:3      | Reached XP level 6. HP: 43/46 MP: 0/0
  3285 | D:4      | Reached skill level 5 in Spellcasting
  3915 | D:4      | Noticed Natasha
  3921 | D:4      | Killed Natasha
  4144 | D:4      | Noticed Natasha
  4150 | D:4      | Killed Natasha
  4155 | D:4      | Reached XP level 7. HP: 9/52 MP: 0/0
  4155 | D:4      | Learned a level 3 spell: Teleport Other
  4634 | D:4      | Noticed Natasha
  4640 | D:4      | Killed Natasha
  4966 | D:5      | Entered Level 5 of the Dungeon
  5163 | D:5      | Found a staircase to the Ecumenical Temple.
  5271 | Temple   | Entered the Ecumenical Temple
  6215 | D:2      | Killed Terence
  6216 | D:2      | Reached skill level 6 in Spellcasting
  6352 | D:2      | Killed Sigmund
  6699 | D:2      | Found a runed translucent door.
  6700 | D:2      | Noticed Crazy Yiuf
  6707 | D:2      | Killed Crazy Yiuf
  7092 | D:6      | Reached XP level 8. HP: 52/58 MP: 0/0
  7151 | D:6      | Reached skill level 5 in Fighting
  7308 | D:6      | Reached skill level 7 in Spellcasting
  7494 | D:6      | Noticed Prince Ribbit
  7501 | D:6      | Killed Prince Ribbit
  7953 | D:6      | Found a shadowy altar of Dithmenos.
  7953 | D:6      | Found a burning altar of Makhleb.
  8062 | D:6      | Reached skill level 8 in Spellcasting
  8125 | D:6      | Became a worshipper of Makhleb the Destroyer
  8265 | D:7      | Reached XP level 9. HP: 60/66 MP: 0/0
  8265 | D:7      | Learned a level 4 spell: Cause Fear
  9270 | D:7      | Found a shadowy altar of Dithmenos.
  9561 | D:7      | Identified the +5 scale mail of Majestic Birdsong {rPois
                  | rF+ Stlth-}
  9911 | D:8      | Reached skill level 9 in Spellcasting
 10232 | D:8      | Reached * piety under Makhleb
 10414 | D:8      | Found a blossoming altar of Fedhas.
 10415 | D:8      | Found a flagged portal.
 10504 | Bailey   | Entered a bailey
 10755 | Bailey   | Reached XP level 10. HP: 64/76 MP: 0/0
 11152 | Bailey   | Reached skill level 10 in Spellcasting
 11735 | Bailey   | Noticed an orc knight
 11996 | Bailey   | Killed an orc knight
 12395 | Bailey   | Identified a scroll of acquirement
 12395 | Bailey   | Acquired a +2 buckler of protection
 12500 | D:8      | Found a shadowy altar of Dithmenos.
 12815 | D:8      | Reached skill level 1 in Shields
 13111 | D:8      | Noticed an ice statue
 13474 | D:8      | Reached ** piety under Makhleb
 14667 | D:9      | Found a staircase to the Orcish Mines.
 14850 | D:10     | Entered Level 10 of the Dungeon
 14992 | D:9      | Reached XP level 11. HP: 58/84 MP: 0/0
 14992 | D:9      | Learned a level 4 spell: Dispel Undead
 15125 | D:10     | Reached skill level 11 in Spellcasting
 15439 | D:10     | Reached *** piety under Makhleb
 16258 | D:10     | Reached skill level 10 in Fighting
 17519 | D:10     | Reached **** piety under Makhleb
 17692 | D:11     | Noticed a two-headed ogre
 18001 | D:9      | HP: 2/86 [two-headed ogre/+0 giant club (12)]
 18004 | D:9      | Killed a two-headed ogre
 18713 | D:11     | Noticed a purple ugly thing
 18729 | D:11     | Killed a purple ugly thing
 18800 | D:11     | Noticed a centaur warrior
 18817 | D:11     | Killed a centaur warrior
 18992 | D:11     | Found a sacrificial altar of Ru.
 19133 | D:11     | Noticed a boulder beetle
 19322 | D:11     | Reached skill level 12 in Spellcasting
 19423 | D:11     | HP: 2/87 [boulder beetle (15)]
 19426 | D:11     | Annihilated by a boulder beetle

Illustrated notes

Levels and vault maps discovered:
D:1:      dpeg_arrival_arbitrary_a, layout_rooms
D:2:      layout_loops_ring, lemuel_doored_altar, minmay_joined_circles,
          uniq_crazy_yiuf_cottage, uniq_sigmund, uniq_terence
D:3:      layout_loops_ring, uniq_jessica
D:4:      layout_cave_pods, nicolae_ossuary_entry_false_entrances, uniq_natasha
D:5:      layout_cave_pools, minmay_temple_entry_mini_moons,
          corexii_leaking_fountain, lemuel_blue_sif_altar
D:6:      layout_cave_pools, minitemple, uniq_prince_ribbit1
D:7:      hangedman_cross_stitches, layout_rooms, serial_corexii_hall,
          corexii_hall_statues_x, corexii_hall_statues_i,
          corexii_hall_statues_u, corexii_hall_statues_l,
          chequers_hall_statues_y, corexii_hall_statues_deadend,
          grunt_dithmenos_smoke
D:8:      lemuel_ice_statue, layout_loops_corners, lemuel_round_altar,
          enter_bailey_5, basic_altar
D:9:      layout_roguey [special_room_orc], orc_0_dummy
D:10:     layout_stronghold, roderic_serpentine_path
D:11:     layout_rooms, lair_entry_dummy, david_defended_altar_elf
Temple:   dpeg_five_rooms_temple

Skill      XL: |  1  2  3  4  5  6  7  8  9 10 11 |
---------------+----------------------------------+-----
Spellcasting   | 3 4 5 6 8 9 10 12 | 12.0
Fighting       | 1 2 3 4 6 7 9 11 | 11.1
Shields        | 3 4 |  4.0
Armour         | |  0.9
Dodging        | |  2.1
Stealth        | |  1.5

Action                   |  1- 3 |  4- 6 |  7- 9 | 10-12 || total
-------------------------+-------+-------+-------+-------++-------
Melee: Dagger            |     9 |    56 |   109 |   605 ||   779
 Cast: Foxfire           |    59 |    81 |   288 |    51 ||   479
       Sticky Flame      |       |     1 |    21 |    94 ||   116
       Fireball          |       |       |       |     9 ||     9
       Dispel Undead     |       |       |       |     4 ||     4
       Cause Fear        |       |       |       |     1 ||     1
       Swiftness         |       |       |       |     1 ||     1
Evoke: Wand              |       |       |       |     1 ||     1
  Use: Scroll            |       |       |     8 |    16 ||    24
 Stab: Sleeping          |     1 |     3 |       |       ||     4
Armor: Robe              |     3 |    12 |     5 |       ||    20
       Ring mail         |       |       |    39 |       ||    39
       Scale mail        |       |       |    22 |   357 ||   379
Dodge: Dodged            |     5 |    52 |    82 |   209 ||   348
Block: Other             |       |       |    29 |     7 ||    36
       Reflection        |       |       |     2 |    13 ||    15
       Buckler           |       |       |       |   511 ||   511

Table legend: (Time is in decaauts)
 A = Elapsed time spent in this place.
 B = Non-inter-level travel time spent in this place.
 C = Inter-level travel time spent in this place.
 D = Time resting spent in this place.
 E = Time spent auto-exploring this place.
 F = Levels seen in this place.
 G = Mean time per level.
                   A        B        C        D        E       F      G
               +--------+--------+--------+--------+--------+-----+--------+
         Total |  19442 |  18850 |    592 |   3426 |  12507 |  13 | 1495.5 |
       Dungeon |  17269 |  16727 |    542 |   2540 |  11546 |  11 | 1569.9 |
        Temple |    261 |    212 |     49 |      0 |    212 |   1 |  261.0 |
        Bailey |   1910 |   1910 |      0 |    886 |    749 |   1 | 1910.0 |
               +--------+--------+--------+--------+--------+-----+--------+

Top non-repeatable levels by time:
    D:10: 2678 daAuts
     D:2: 2313 daAuts
     D:9: 1976 daAuts
     D:8: 1935 daAuts
  Bailey: 1910 daAuts
     D:4: 1755 daAuts
     D:6: 1505 daAuts
     D:7: 1298 daAuts
     D:1: 1108 daAuts
    D:11: 1044 daAuts
     D:3: 1029 daAuts
     D:5: 623 daAuts
  Temple: 261 daAuts
